 Dungeon Crawl Stone Soup version 0.22.1-2-g9c5b331 (webtiles) character file.

991 Harpaggios the Sneak (level 8, -3/36 HPs)
             Began as a Vine Stalker Enchanter on Jan 1, 2019.
             Was an Initiate of Ashenzari.
             Slain by a killer bee (8 damage)
             ... on level 5 of the Dungeon.
             The game lasted 00:19:54 (4449 turns).

Harpaggios the Sneak (Vine Stalker Enchanter)       Turns: 4449, Time: 00:19:55

Health: -3/36      AC:  5    Str: 11    XL:     8   Next: 18%
Magic:  0/12       EV: 12    Int: 15    God:    Ashenzari [......]
Gold:   233        SH:  0    Dex: 17    Spells: 5/11 levels left

rFire    . . .     SeeInvis .   i - +1 short sword (venom)
rCold    . . .     Gourm    .   (no shield)
rNeg     . . .     Faith    .   b - +0 robe
rPois    +         Spirit   +   k - +2 helmet
rElec    .         Reflect  .   (no cloak)
rCorr    .         Harm     .   (no gloves)
MR       +....                  (no boots)
Stlth    ++++......             (no amulet)
HPRegen  0.52/turn              f - ring of poison resistance
MPRegen  0.13/turn              (no ring)

@: no status effects
A: fangs 3, regeneration 1, magic shield, antimagic bite, no potion heal 3, rot
immunity
a: Curse Item, Renounce Religion


You were on level 5 of the Dungeon.
You worshipped Ashenzari.
Ashenzari was noncommittal.
You were hungry.

You visited 1 branch of the dungeon, and saw 5 of its levels.

You collected 233 gold pieces.

Inventory:

Hand Weapons
 i - a +1 short sword of venom (weapon)
Armour
 b - a +0 robe (worn)
 k - a +2 helmet (worn)
Jewellery
 f - a ring of poison resistance (left hand)
 q - an uncursed ring of wizardry
Wands
 m - a wand of paralysis (9)
Scrolls
 c - 2 scrolls of identify
 e - 2 scrolls of enchant armour
 r - 2 scrolls of remove curse
Potions
 g - a potion of cancellation
 h - a potion of haste {unknown}
 j - a potion of degeneration {unknown}
 l - a potion of flight
 n - a potion of heal wounds {unknown}
 o - a potion of agility {unknown}
 s - a potion of mutation {unknown}
Comestibles
 a - 3 chunks of flesh
 d - 9 rations


   Skills:
 + Level 4.8 Short Blades
 - Level 1.5 Dodging
 + Level 7.8 Stealth
 - Level 2.1 Spellcasting
 - Level 6.0 Hexes


You had 5 spell levels left.
You knew the following spells:

 Your Spells              Type           Power        Failure   Level  Hunger
a - Corona                Hex            ###....      1%          1    #......
b - Ensorcelled Hibernat  Hex/Ice        ##....       10%         2    ###....
c - Tukima's Dance        Hex            ###.....     5%          3    ###....

Your spell library contained the following spells:

 Spells                   Type           Power        Failure   Level  Hunger
 Confuse                  Hex            ###.....     5%          3    ###....
 Dazzling Spray           Conj/Hex       ##....       19%         3    ###....


Dungeon Overview and Level Annotations

Branches:
Dungeon (5/15)             Temple (0/1) D:4

Altars:
Ashenzari
Cheibriados
Kikubaaqudgha
Wu Jian
Xom
The Shining One


Innate Abilities, Weirdness & Mutations

You have razor-sharp teeth.
Your natural rate of healing is unusually fast.
When hurt, damage is shared between your health and your magic reserves.
Your bite disrupts and absorbs the magic of your enemies.
Potions cannot restore your health.
You are immune to rotting.


Message History

The killer bee barely misses you.
You miss the killer bee. Your bite misses the killer bee.
You feel sick. The killer bee closely misses you.
The killer bee barely misses you.
You closely miss the killer bee. Your bite misses the killer bee.
The killer bee stings you.
* * * LOW HITPOINT WARNING * * *
The killer bee closely misses you.
Your system rejects the healing.
You feel better. The killer bee barely misses you.
The killer bee stings you but does no damage.
You closely miss the killer bee. The killer bee stings you.
The killer bee stings you but does no damage.
You barely miss the killer bee.
You bite the killer bee, but do no damage.
The killer bee stings you but does no damage.
You hit the killer bee.
The killer bee is poisoned.
Your bite misses the killer bee.
The killer bee is lightly wounded.
The killer bee stings you!
You die...

...... #.....########
#..........# ####..######
##..## #######..######
############ ##.....#.......#
#..........#
##..............####......)...#
#......<........@yyy.......)..#
#..............)###y..........#
#...............# #..........<#
#...............# ###.......###
#...............# #...#......
##...............# #.#######...
##.....#.....##(.##. ##.#
#######.....# #>##. .# #.....#
.. #


You could see 4 killer bees.

Vanquished Creatures
  Prince Ribbit (D:5)
  Eustachio (D:5)
  A necrophage (D:5)
  A phantom (D:4)
  A centaur (D:5)
  A killer bee (D:5)
  A howler monkey (D:4)
  A centaur zombie (D:5)
  4 orc wizards
  A bullfrog skeleton (D:4)
  A worker ant (D:4)
  4 adders
  A shadow imp (D:4)
  An ooze (D:1)
  An adder zombie (D:5)
  3 worms
  3 dart slugs
  3 leopard geckos (D:2)
  10 orcs
  10 bats
  3 giant cockroaches
  2 hobgoblins
  11 jackals
  A quokka (D:2)
  4 ball pythons
  4 frilled lizards
  5 goblins
  11 kobolds
  4 rats (D:1)
95 creatures vanquished.

Notes
Turn   | Place    | Note
-------+----------+-------------------------------------------
     0 | D:1      | Harpaggios the Vine Stalker Enchanter began the quest for
                  | the Orb.
     0 | D:1      | Reached XP level 1. HP: 9/9 MP: 4/4
    31 | D:1      | Reached skill level 1 in Short Blades
   101 | D:1      | Reached XP level 2. HP: 5/13 MP: 3/6
   337 | D:1      | Learned a level 2 spell: Ensorcelled Hibernation
   429 | D:1      | Reached skill level 4 in Stealth
   776 | D:1      | Reached XP level 3. HP: 14/16 MP: 7/7
  2073 | D:2      | Gained mutation: Your natural rate of healing is unusually
                  | fast. [Vine Stalker growth]
  2073 | D:2      | Reached XP level 4. HP: 18/21 MP: 0/8
  2474 | D:2      | Learned a level 3 spell: Tukima's Dance
  2761 | D:3      | Reached XP level 5. HP: 14/24 MP: 1/9
  2907 | D:3      | Found a glowing golden altar of the Shining One.
  3051 | D:4      | Found a shattered altar of Ashenzari.
  3061 | D:4      | Became a worshipper of Ashenzari the Shackled
  3139 | D:4      | Found a staircase to the Ecumenical Temple.
  3194 | D:4      | Reached skill level 5 in Stealth
  3194 | D:4      | Reached skill level 5 in Hexes
  3216 | D:4      | Reached XP level 6. HP: 28/28 MP: 8/10
  3397 | D:4      | Noticed a phantom
  3428 | D:4      | Found a snail-covered altar of Cheibriados.
  3428 | D:4      | Found a shimmering altar of Xom.
  3429 | D:4      | Found an ornate altar of the Wu Jian Council.
  3814 | D:4      | Killed a phantom
  3966 | D:4      | Found an ancient bone altar of Kikubaaqudgha.
  4106 | D:5      | Entered Level 5 of the Dungeon
  4106 | D:5      | Noticed Eustachio
  4181 | D:4      | Reached XP level 7. HP: 21/32 MP: 6/11
  4295 | D:5      | Killed Eustachio
  4295 | D:5      | Reached skill level 6 in Stealth
  4325 | D:5      | Reached skill level 7 in Stealth
  4363 | D:5      | Noticed Prince Ribbit
  4388 | D:5      | Killed Prince Ribbit
  4388 | D:5      | Gained mutation: You have razor-sharp teeth. [Vine Stalker
                  | growth]
  4388 | D:5      | Reached XP level 8. HP: 36/36 MP: 1/12
  4449 | D:5      | Slain by a killer bee

Skill      XL: |  1  2  3  4  5  6  7 |
---------------+----------------------+-----
Short Blades   | 1 2 3 4 |  4.8
Stealth        | 4 5 7 |  7.8
Hexes          | 4 5 6 |  6.0
Dodging        | |  1.5
Spellcasting   | |  2.1

Action                   |  1- 3 |  4- 6 |  7- 9 || total
-------------------------+-------+-------+-------++-------
Melee: Dagger            |   130 |       |       ||   130
       Bite              |    24 |    58 |    16 ||    98
       Short sword       |       |   214 |    77 ||   291
 Cast: Corona            |     7 |    10 |     1 ||    18
       Ensorcelled Hiber |     3 |     7 |     8 ||    18
  Use: Scroll            |     1 |     5 |     1 ||     7
       Potion            |       |     2 |     2 ||     4
 Stab: Sleeping          |     9 |     9 |     2 ||    20
  Eat: Chunk             |     3 |     7 |     3 ||    13
Armor: Robe              |    19 |    41 |    18 ||    78
       Skin              |       |       |    34 ||    34
Dodge: Dodged            |    81 |    99 |    67 ||   247
